 Dungeon Crawl Stone Soup version 0.29.1-1-gd02db6906a (webtiles) character file.

Game seed: 7115235797650001109

2088 Linkola the Twirler (level 9, -4/75 HPs)
             Began as a Minotaur Fighter on Sept 25, 2022.
             Was a Believer of Wu Jian.
             Slain by a two-headed ogre
             ... wielding a +0 dire flail
              (10 damage)
             ... on level 6 of the Dungeon.
             The game lasted 00:24:45 (5984 turns).

Linkola the Twirler (Minotaur Fighter)              Turns: 5984, Time: 00:24:46

Health: -4/75      AC: 22    Str: 31    XL:     9   Next: 6%
Magic:  8/8        EV:  9    Int:  5    God:    Wu Jian [**....]
Gold:   308        SH:  4    Dex: 10    Spells: 8/8 levels left

rFire   . . .      SeeInvis .   G - +4 flail (protect)
rCold   . . .      Faith    .   c - +0 buckler
rNeg    . . .      Spirit   .   v - +0 plate armour
rPois   .          Reflect  .   (helmet restricted)
rElec   .          Harm     .   s - +0 cloak {Stlth+}
rCorr   .          Rampage  .   w - +0 pair of gloves
Will    .....                   (no boots)
Stlth   ..........              D - amulet of regeneration
HPRegen 1.02/turn               k - +6 ring of strength
MPRegen 0.11/turn               (no ring)

@: under a protective aura
A: horns 2, retaliatory headbutt
a: Renounce Religion, Wall Jump


You were on level 6 of the Dungeon.
You worshipped Wu Jian.
Wu Jian was pleased with you.
You visited 1 branch of the dungeon, and saw 6 of its levels.

You collected 308 gold pieces.

Inventory:

Hand Weapons
 r - a +4 quarterstaff of chaos
 G - a +4 flail of protection (weapon)
Missiles
 e - 2 stones (quivered)
Armour
 c - a +0 buckler (worn)
 s - a +0 cloak of stealth (worn)
 v - a +0 plate armour (worn)
 w - a +0 pair of gloves (worn)
Jewellery
 k - a +6 ring of strength (left hand)
 D - an amulet of regeneration (around neck)
Wands
 y - a wand of mindburst (9)
Scrolls
 f - 2 scrolls of butterflies
 i - a scroll of fear
 j - a scroll of vulnerability {unknown}
 l - a scroll of immolation {unknown}
 m - a scroll of torment {unknown}
 n - a scroll of enchant armour {unknown}
 q - 3 scrolls of blinking {unknown}
 t - a scroll of magic mapping {unknown}
 x - 6 scrolls of enchant weapon
 C - a scroll of poison {unknown}
 F - a scroll of identify
Potions
 d - a potion of might
 g - 3 potions of curing
 h - a potion of lignification {unknown}
 o - 4 potions of mutation {unknown}
 p - a potion of brilliance {unknown}
 u - a potion of magic {unknown}
 z - 2 potions of cancellation {unknown}
 A - a potion of ambrosia {unknown}
 B - a potion of degeneration {unknown}
 E - a potion of haste {unknown}


   Skills:
 + Level 6.0 Fighting
 + Level 3.9(6.2) Polearms
 + Level 7.4(7.9) Staves
 + Level 4.9 Throwing
 + Level 7.1 Armour
 * Level 5.0 Dodging
 + Level 4.2 Shields


You had 8 spell levels left.
You didn't know any spells.
Your spell library contained the following spells:

 Spells                   Type           Power      Damage    Failure   Level
 Beastly Appendage        Tmut           0%         N/A       99%         1
 Wereblood                Tmut           0%         N/A       100%        2
 Gell's Gravitas          Tloc           0%         N/A       100%        3
 Ignite Poison            Fire/Tmut/Pois 0%         N/A       100%        3
 Lesser Beckoning         Tloc           0%         N/A       100%        3
 Mephitic Cloud           Conj/Pois/Air  0%         N/A       100%        3
 Portal Projectile        Hex/Tloc       0%         N/A       100%        3
 Spider Form              Tmut/Pois      0%         N/A       100%        3
 Teleport Other           Tloc           0%         N/A       100%        3
 Tukima's Dance           Hex            0%         N/A       100%        3
 Blade Hands              Tmut           0%         N/A       100%        5
 Freezing Cloud           Conj/Ice/Air   0%         6-21      100%        5
 Dispersal                Tloc           0%         N/A       100%        6


Dungeon Overview and Level Annotations

Branches:
Dungeon (6/15)             Temple (0/1) D:4

Altars:
Wu Jian

Shops:
D:1 :


Innate Abilities, Weirdness & Mutations

You have a pair of horns on your head.
You reflexively headbutt those who attack you in melee.


Message History

Aim: a two-headed ogre, wielding a +0 dire flail and a +0 giant club (wandering, hasn't noticed you, 76% to hit)
You throw a stone. The two-headed ogre shouts in stereo!
The stone hits the two-headed ogre.
The two-headed ogre is lightly wounded.
Throw: 6 stones
Press: ? - help, Q - select action, (/) - cycle Shift-Dir - straight line, f/p - two-headed ogre
Aim: a two-headed ogre, wielding a +0 dire flail and a +0 giant club (76% to hit)
You throw a stone. The stone hits the two-headed ogre.
The two-headed ogre is lightly wounded.
Throw: 5 stones
Press: ? - help, Q - select action, (/) - cycle Shift-Dir - straight line, f/p - two-headed ogre
Aim: a two-headed ogre, wielding a +0 dire flail and a +0 giant club (lightly wounded, 76% to hit)
You throw a stone.
The stone barely misses the two-headed ogre.
Throw: 4 stones
Press: ? - help, Q - select action, (/) - cycle Shift-Dir - straight line, f/p - two-headed ogre
Aim: a two-headed ogre, wielding a +0 dire flail and a +0 giant club (76% to hit)
You throw a stone. The stone hits the two-headed ogre.
The two-headed ogre is lightly wounded.
Throw: 3 stones
Press: ? - help, Q - select action, (/) - cycle Shift-Dir - straight line, f/p - two-headed ogre
Aim: a two-headed ogre, wielding a +0 dire flail and a +0 giant club (lightly wounded, 76% to hit)
You throw a stone.
The stone closely misses the two-headed ogre.
You lunge at the two-headed ogre.
You sock the two-headed ogre!
Your weapon exudes an aura of protection.
Your headbutt misses the two-headed ogre.
The two-headed ogre is moderately wounded.
The two-headed ogre hits you with a +0 dire flail!
The two-headed ogre hits you with a +0 giant club!!
You barely miss the two-headed ogre. You headbutt the two-headed ogre.
The two-headed ogre is heavily wounded.
The two-headed ogre hits you with a +0 dire flail!
The two-headed ogre hits you with a +0 giant club!!
* * * LOW HITPOINT WARNING * * *
You thump the two-headed ogre! You headbutt the two-headed ogre!
The two-headed ogre is almost dead.
The two-headed ogre hits you with a +0 dire flail!
You die...

...........# o.#~~
~≈≈~~~~~~≈~#####~~..
≈≈≈≈≈~≈≈≈≈≈≈≈≈≈≈≈~..
~~~≈~≈~≈~≈~~~~~~≈~..
..)................P...
....................!
.....................
....#......#....####.#
#.#
........#.#...@O###.#
#.#
#..#.##.#.#.......#.#
#.# #..#
#.#.#.#####...# #.#
#..# ..#.#.# #.####.#
#..# ###.#.# #......#
#.†#
#.#.#######.##...#####.
#..#
#.#....................
#..#
#.#########.##...######
#).# #.#########..#...#


You could see a two-headed ogre.

Vanquished Creatures
  A wyvern (D:6)
  Edmund (D:6)
  The ghost of TeapotKnight the Gusty, an amateur TeAE (D:4)
  3 ice beasts (D:5)
  4 ogres
  2 necrophages (D:5)
  3 scorpions (D:5)
  A water moccasin skeleton (D:4)
  A bullfrog skeleton (D:4)
  A gnoll bouda (D:5)
  2 orc priests (D:6)
  6 hounds
  A jelly (D:6)
  Crazy Yiuf (D:2)
  A centaur skeleton (D:4)
  An iguana (D:4)
  4 orc wizards
  A howler monkey skeleton (D:4)
  6 adders
  9 gnolls
  A white imp (D:5)
  3 worms (D:2)
  4 dart slugs
  16 orcs
  5 bats
  6 endoplasms
  2 giant cockroaches
  9 goblins
  2 hobgoblins (D:2)
  3 jackals (D:1)
  2 quokkas (D:2)
  8 ball pythons
  6 frilled lizards
  5 kobolds
  4 rats
126 creatures vanquished.

Notes
Turn   | Place    | Note
-------+----------+-------------------------------------------
     0 | D:1      | Linkola the Minotaur Fighter began the quest for the Orb.
     0 | D:1      | Reached XP level 1. HP: 19/19 MP: 0/0
   121 | D:1      | Reached XP level 2. HP: 11/27 MP: 1/1
   680 | D:1      | Reached XP level 3. HP: 33/33 MP: 2/2
   835 | D:1      | Reached skill level 1 in Throwing
  1002 | D:1      | Found Boreh Hyru's Book Shoppe.
  1394 | D:2      | Reached skill level 1 in Dodging
  1627 | D:2      | Reached XP level 4. HP: 38/40 MP: 3/3
  1743 | D:2      | Found an ornate altar of the Wu Jian Council.
  1752 | D:2      | Became a worshipper of the Wu Jian Council
  2164 | D:2      | Found a runed translucent door.
  2165 | D:2      | Noticed Crazy Yiuf
  2173 | D:2      | Killed Crazy Yiuf
  2178 | D:2      | HP: 2/41 [poisoned by Crazy Yiuf]
  2776 | D:3      | Reached XP level 5. HP: 47/47 MP: 4/4
  3000 | D:3      | Found a faded altar of an unknown god.
  3218 | D:4      | Noticed an ogre
  3229 | D:4      | Killed an ogre
  3233 | D:4      | Reached skill level 1 in Staves
  3397 | D:4      | Found a staircase to the Ecumenical Temple.
  3713 | D:4      | Reached * piety under Wu Jian
  3714 | D:4      | Reached XP level 6. HP: 46/53 MP: 5/5
  4076 | D:4      | Found a runed translucent gate.
  4076 | D:4      | Found a runed translucent gate.
  4077 | D:4      | Found a runed translucent gate.
  4082 | D:4      | Noticed TeapotKnight's ghost (amateur TeAE)
  4256 | D:5      | Entered Level 5 of the Dungeon
  4329 | D:5      | Reached skill level 5 in Armour
  4488 | D:5      | Noticed an ice beast
  4499 | D:5      | Killed an ice beast
  4515 | D:5      | Reached XP level 7. HP: 44/60 MP: 6/6
  4710 | D:5      | Reached skill level 5 in Fighting
  5051 | D:5      | Reached XP level 8. HP: 50/68 MP: 7/7
  5161 | D:5      | Reached skill level 5 in Staves
  5165 | D:5      | Reached ** piety under Wu Jian
  5543 | D:4      | Killed TeapotKnight's ghost
  5797 | D:6      | Noticed Edmund
  5812 | D:6      | Killed Edmund
  5813 | D:6      | Reached skill level 5 in Dodging
  5813 | D:6      | Reached XP level 9. HP: 17/75 MP: 8/8
  5976 | D:6      | Noticed a two-headed ogre
  5984 | D:6      | Slain by a two-headed ogre

Illustrated notes

Levels and vault maps discovered:
D:1:      onia_arrival_mini_maze, layout_loops_corners, serial_shops,
          nicolae_shop_trees
D:2:      layout_rooms, basic_altar, minmay_tromino_i2, uniq_crazy_yiuf_cottage
D:3:      layout_loops_ring, shapermc_ecumenical_altar_mp_vishouse
D:4:      layout_cave_pods, minmay_temple_entry_statues_pillars,
          gammafunk_ghost_necromancy
D:5:      cheibrodos_iron_armory, layout_rooms, minivault_5,
          hangedman_decor_peaks_small, minmay_fractal_squares_gapless_5
D:6:      lemuel_castle_with_subvaults [lemuel_castle_interior_original],
          layout_basic, kennysheep_generic_room_15, uniq_edmund

Skill      XL: |  1  2  3  4  5  6  7  8  9 |
---------------+----------------------------+-----
Fighting       | 4 5 6 |  6.0
Shields        | 4 |  4.2
Throwing       | 1 2 3 4 |  4.9
Dodging        | 1 2 3 5 |  5.0
Polearms       | 3 |  3.9
Armour         | 4 5 6 7 |  7.1
Staves         | 1 3 4 7 |  7.4

Action                   |  1- 3 |  4- 6 |  7- 9 || total
-------------------------+-------+-------+-------++-------
Melee: Trident           |    89 |    42 |       ||   131
       Headbutt          |     7 |    10 |    20 ||    37
       Quarterstaff      |       |    41 |   136 ||   177
       Flail             |       |       |    13 ||    13
Throw: Stone             |    18 |    32 |    10 ||    60
Invok: Lunge             |       |    17 |    14 ||    31
       Whirlwind         |       |     1 |    27 ||    28
 Abil: Wall Jump         |       |       |     1 ||     1
  Use: Scroll            |       |     8 |       ||     8
       Potion            |       |     1 |     5 ||     6
 Stab: Paralysed         |       |       |     1 ||     1
Armor: Scale mail        |    22 |    18 |       ||    40
       Plate armour      |       |     3 |    94 ||    97
Dodge: Dodged            |    21 |    27 |    43 ||    91
Block: Buckler           |    14 |    10 |     1 ||    25
